 Dungeon Crawl Stone Soup version 0.21-a0-440-g28109cb (webtiles) character file.

613 NoRagrets the Skirmisher (level 7, 0/60 HPs)
             Began as a Gnoll Wanderer on Nov 10, 2017.
             Was a Priest of Cheibriados.
             Splashed by a jelly's acid (4 damage)
             ... on level 5 of the Dungeon.
             The game lasted 00:07:49 (3830 turns).

NoRagrets the Skirmisher (Gnoll Wanderer)           Turns: 3830, Time: 00:07:49

Health: 0/60       AC: -2    Str: 21    XL:     7   Next: 44%
Magic:  12/12      EV: 13    Int: 20    God:    Cheibriados [***...]
Gold:   239        SH:  0    Dex: 25    Spells: 13/13 levels left

rFire    . . .     SeeInvis .   g - +0 short sword
rCold    . . .     Gourm    .   (no shield)
rNeg     . . .     Faith    .   b - +0 ring mail
rPois    .         Spirit   .   (no helmet)
rElec    .         Reflect  .   (no cloak)
rCorr    .         Harm     .   (no gloves)
MR       +....                  (no boots)
Stlth    ++........             m - amulet of regeneration
HPRegen  0.60/turn              y - ring of protection from magic
MPRegen  0.13/turn              i - ring of flight

@: corroded, very slow
A: distributed training, fangs 1, strong nose
a: Bend Time, Temporal Distortion, Renounce Religion, Evoke Flight


You were on level 5 of the Dungeon.
You worshipped Cheibriados.
Cheibriados was most pleased with you.
You were hungry.

You visited 1 branch of the dungeon, and saw 5 of its levels.
You also visited: Sewer.

You collected 239 gold pieces.

Inventory:

Hand Weapons
 c - a +1 shortbow
 g - a +0 short sword (weapon)
Missiles
 d - 5 arrows
Armour
 b - a +0 ring mail (worn)
Jewellery
 i - a ring of flight (right hand)
 m - an amulet of regeneration (around neck)
 y - a ring of protection from magic (left hand)
Scrolls
 j - a scroll of fear {unknown}
 k - a scroll of enchant armour {unknown}
 l - 6 scrolls of identify {@r1}
 q - 4 scrolls of teleportation
 u - a scroll of enchant weapon
Potions
 e - a potion of invisibility
 n - a potion of haste {unknown}
 o - 2 potions of heal wounds {unknown}
 p - a potion of degeneration {unknown}
 t - a potion of agility {unknown}
 v - 2 potions of curing {unknown}
 w - 5 potions of flight
 x - a potion of mutation {unknown}
Books
 a - a Young Poisoner's Handbook

   Spells                             Type                      Level
   a - Sting                          Conjuration/Poison           1
   b - Poisonous Vapours              Poison/Air                   2
   c - Mephitic Cloud                 Conjuration/Poison/Air       3
   d - Olgreb's Toxic Radiance        Poison                       4
   e - Venom Bolt                     Conjuration/Poison           5
Comestibles
 f - 4 bread rations
 h - 2 royal jellies


   Skills:
 + Level 7.0 Fighting
 + Level 2.4 Short Blades
 + Level 2.4 Long Blades
 + Level 2.4 Axes
 + Level 2.4 Maces & Flails
 + Level 2.4 Polearms
 + Level 2.4 Staves
 + Level 2.4 Slings
 + Level 5.2 Bows
 + Level 2.4 Crossbows
 + Level 2.4 Throwing
 + Level 2.4 Armour
 + Level 2.4 Dodging
 + Level 3.4 Stealth
 + Level 2.4 Shields
 + Level 2.4 Unarmed Combat
 + Level 3.7 Spellcasting
 + Level 2.0 Conjurations
 + Level 2.0 Hexes
 + Level 2.0 Charms
 + Level 2.0 Summonings
 + Level 2.0 Necromancy
 + Level 2.0 Translocations
 + Level 2.0 Transmutations
 + Level 2.0 Fire Magic
 + Level 2.0 Ice Magic
 + Level 2.0 Air Magic
 + Level 2.0 Earth Magic
 + Level 4.3 Poison Magic
 + Level 2.7 Invocations
 + Level 3.6 Evocations


You had 13 spell levels left.
You didn't know any spells.

Dungeon Overview and Level Annotations

Branches:
Dungeon (5/15)
 Temple: D:4-7

Altars:
Cheibriados
Fedhas
Kikubaaqudgha
Makhleb
Nemelex Xobeh
Xom
The Shining One


Innate Abilities, Weirdness & Mutations

Your experience applies equally to all skills.
You have very sharp teeth.
Your uncanny sense of smell can sniff out nearby items.


Message History

You are too injured to fight recklessly!
You are too injured to fight recklessly!
You are too injured to fight recklessly!
You are too injured to fight recklessly!
You are too injured to fight recklessly!
You are too injured to fight recklessly!
You hit the jelly but do no damage. The acid corrodes you!
Your hands burn!
* * * LOW HITPOINT WARNING * * *
You bite the jelly, but do no damage.
The jelly is moderately wounded.
The jelly hits you.
* * * LOW HITPOINT WARNING * * *
You are splashed with acid!
The acid burns!
* * * LOW HITPOINT WARNING * * *
You hit the jelly.
Your hands burn!
* * * LOW HITPOINT WARNING * * *
You bite the jelly, but do no damage.
The jelly is severely wounded.
You hit the jelly but do no damage.
Your hands burn!
You die...

##.# #.....# #.#...
##<.).###
#.#...####.........
###.......#...#..###.
.... #......#..# ∆
#.. #..#...# .#
#$.###.###### .#
#...(..# # #.#@..##
#.J........#
###...###### ##.##
#.# #.# #.# #.#


You could see a jelly.

Vanquished Creatures
  2 scorpions (D:4)
  A howler monkey (D:4)
  An orc priest (D:2)
  A bullfrog skeleton (D:4)
  4 orc wizards
  3 worker ants (D:4)
  A merfolk avatar (Sewer)
  A merfolk siren (Sewer)
  3 adders
  4 river rats (Sewer)
  5 worms
  4 dart slugs
  A leopard gecko (Sewer)
  7 orcs
  5 ball pythons (Sewer)
  6 giant cockroaches
  6 goblins
  5 hobgoblins
  3 jackals (D:1)
  5 bats
  12 frilled lizards
  A jackal skeleton (D:4)
  13 kobolds
  27 rats
121 creatures vanquished.

Notes
Turn   | Place    | Note
-------+----------+-------------------------------------------
     0 | D:1      | NoRagrets the Gnoll Wanderer began the quest for the Orb.
     0 | D:1      | NoRagrets set off with: a Young Poisoner's Handbook, a +0 ring mail, a +0 shortbow, 24 arrows, a bread ration
     0 | D:1      | Reached XP level 1. HP: 23/23 MP: 4/4
    47 | D:1      | Found a sparkling altar of Nemelex Xobeh.
    79 | D:1      | Reached XP level 2. HP: 29/29 MP: 5/5
   287 | D:1      | Reached XP level 3. HP: 35/35 MP: 7/7
   550 | D:2      | Found a faded altar of an unknown god.
   580 | D:2      | Reached skill level 1 in Invocations
   583 | D:2      | Reached skill level 1 in Short Blades
   583 | D:2      | Reached skill level 1 in Long Blades
   583 | D:2      | Reached skill level 1 in Axes
   583 | D:2      | Reached skill level 1 in Maces & Flails
   583 | D:2      | Reached skill level 1 in Polearms
   583 | D:2      | Reached skill level 1 in Staves
   583 | D:2      | Reached skill level 1 in Slings
   583 | D:2      | Reached skill level 1 in Crossbows
   583 | D:2      | Reached skill level 1 in Throwing
   583 | D:2      | Reached skill level 1 in Armour
   583 | D:2      | Reached skill level 1 in Dodging
   583 | D:2      | Reached skill level 1 in Shields
   583 | D:2      | Reached skill level 1 in Unarmed Combat
   583 | D:2      | Reached XP level 4. HP: 30/41 MP: 8/8
   619 | D:2      | Reached skill level 1 in Conjurations
   619 | D:2      | Reached skill level 1 in Hexes
   619 | D:2      | Reached skill level 1 in Charms
   619 | D:2      | Reached skill level 1 in Summonings
   619 | D:2      | Reached skill level 1 in Necromancy
   619 | D:2      | Reached skill level 1 in Translocations
   619 | D:2      | Reached skill level 1 in Transmutations
   619 | D:2      | Reached skill level 1 in Fire Magic
   619 | D:2      | Reached skill level 1 in Ice Magic
   619 | D:2      | Reached skill level 1 in Air Magic
   619 | D:2      | Reached skill level 1 in Earth Magic
   647 | D:2      | Became a worshipper of Cheibriados the Contemplative
   647 | D:2      | Reached * piety under Cheibriados
   663 | D:2      | Found a glowing golden altar of the Shining One.
   909 | D:2      | Found a shimmering altar of Xom.
  1028 | D:2      | Reached XP level 5. HP: 47/47 MP: 9/9
  1390 | D:3      | Reached ** piety under Cheibriados
  2102 | D:4      | Found a glowing drain.
  2121 | Sewer    | Entered a sewer
  2135 | Sewer    | Reached XP level 6. HP: 46/53 MP: 10/10
  2391 | Sewer    | Reached *** piety under Cheibriados
  2498 | Sewer    | Reached skill level 5 in Bows
  3031 | D:4      | Reached XP level 7. HP: 32/59 MP: 12/12
  3043 | D:4      | Reached **** piety under Cheibriados
  3174 | D:4      | Found an ancient bone altar of Kikubaaqudgha.
  3175 | D:4      | Found a blossoming altar of Fedhas.
  3226 | D:4      | Reached skill level 7 in Fighting
  3383 | D:4      | Got a faintly humming robe
  3384 | D:4      | Identified the +1 robe of Agoraphobia {MR+ rCorr Dex-5 SInv} (You found it on level 4 of the Dungeon)
  3540 | D:4      | Found a burning altar of Makhleb.
  3542 | D:4      | Noticed a balrug
  3654 | D:4      | Found a sparkling altar of Nemelex Xobeh.
  3815 | D:5      | Entered Level 5 of the Dungeon
  3829 | D:5      | HP: 3/60 [acid (5)]
  3830 | D:5      | Splashed by a jelly's acid

Vault maps used:
D:1:      minmay_arrival_four_circles, dk_noncrumbling_4,
          nemelex_xobeh_ov_fountains_minmay
D:2:      overflow_temple_1_default, xom_butterflies, first_bread,
          chequers_ecumenical_altar_simple_redux
D:4:      grunt_temple_overflow_growth_and_decay, kennysheep_mini,
          cheibrodos_sewer_entry_drain, makhleb_altar_promises_db
D:5:      grunt_gozag_statues, minmay_temple_entry_mist, serial_shops,
          shop_fountains
Sewer:    sewer_sea

Skill      XL: |  1  2  3  4  5  6  7 |
---------------+----------------------+-----
Invocations    | 1 2 |  2.7
Short Blades   | 1 2 |  2.4
Long Blades    | 1 2 |  2.4
Axes           | 1 2 |  2.4
Maces & Flails | 1 2 |  2.4
Polearms       | 1 2 |  2.4
Staves         | 1 2 |  2.4
Slings         | 1 2 |  2.4
Crossbows      | 1 2 |  2.4
Throwing       | 1 2 |  2.4
Armour         | 1 2 |  2.4
Dodging        | 1 2 |  2.4
Shields        | 1 2 |  2.4
Unarmed Combat | 1 2 |  2.4
Spellcasting   | 3 |  3.7
Conjurations   | 1 2 |  2.0
Hexes          | 1 2 |  2.0
Charms         | 1 2 |  2.0
Summonings     | 1 2 |  2.0
Necromancy     | 1 2 |  2.0
Translocations | 1 2 |  2.0
Transmutations | 1 2 |  2.0
Fire Magic     | 1 2 |  2.0
Ice Magic      | 1 2 |  2.0
Air Magic      | 1 2 |  2.0
Earth Magic    | 1 2 |  2.0
Poison Magic   | 4 |  4.3
Evocations     | 3 |  3.6
Stealth        | 3 |  3.4
Bows           | 5 |  5.2
Fighting       | 7 |  7.0

Action                   |  1- 3 |  4- 6 |  7- 9 || total
-------------------------+-------+-------+-------++-------
Melee: Shortbow          |       |     1 |       ||     1
       Short sword       |       |   228 |    62 ||   290
       Unarmed           |       |     7 |       ||     7
       Bite              |       |    28 |    16 ||    44
       Punch             |       |     1 |     2 ||     3
 Fire: Shortbow          |    78 |    84 |       ||   162
Invok: Slouch            |       |       |     1 ||     1
  Use: Scroll            |       |     6 |     1 ||     7
 Stab: Sleeping          |       |     5 |       ||     5
  Eat: Chunk             |       |     2 |       ||     2
       Royal jelly       |       |       |     1 ||     1
Armor: Ring mail         |    11 |    68 |    23 ||   102
Dodge: Dodged            |    18 |   149 |    28 ||   195

Table legend:
 A = Spawn XP
 B = Non-spawn XP
 C = Spawn XP percentage of total XP
 D = Spawn monster count
 E = Non-spawn monster count
 F = Spawn count percentage of total count
 G = Total turns spent on level
                    A         B        C        D         E        F      G
               +---------+---------+-------+---------+---------+-------+---------
         Total |       0 |     876 |   0.0 |       0 |     121 |   0.0 |  3830
               +---------+---------+-------+---------+---------+-------+---------
           D:1 |       0 |      42 |   0.0 |       0 |      24 |   0.0 |   528
           D:2 |       0 |     158 |   0.0 |       0 |      27 |   0.0 |   728
           D:3 |       0 |      20 |   0.0 |       0 |       9 |   0.0 |   731
           D:4 |       0 |     495 |   0.0 |       0 |      19 |   0.0 |  1224
         Sewer |       0 |     161 |   0.0 |       0 |      42 |   0.0 |   604
               +---------+---------+-------+---------+---------+-------+---------
